 Dungeon Sprint DCSS version bcrawl-1.20 (webtiles) character file.

Game seed: 2245872768297543548

9830 Freyura the Eclecticist (level 11, -4/61 HPs)
             Began as a Fairy Air Elementalist on Jan 19, 2020.
             Was the Champion of Vehumet.
             Slain by Gastronok (36 damage)
             ... in the Dungeon (Sprint IX: "|||||||||||||||||||||||||||||").
             The game lasted 00:12:43 (867 turns).

Freyura the Eclecticist (Fairy Air Elementalist)     Turns: 867, Time: 00:12:43

Health: -4/61      AC: 13    Str:  6    XL:     11   Next: 52%
Magic:  26/34      EV: 29    Int: 22    God:    Vehumet [******]
Gold:   54         SH:  6    Dex: 13    Spells: 34/45 levels left

rFire    + . .     SeeInvis .   q - staff of fire
rCold    . . .     Gourm    .   (shield currently unavailable)
rNeg     . . .     Faith    .   (armour unavailable)
rPois    .         Spirit   .   t - +0 helmet
rElec    .         Reflect  .   (no cloak)
rCorr    .         Harm     .   m - +2 pair of gloves
MR       +....     NoTele   +   u - +0 pair of boots
Stlth    +.........             (no amulet)
HPRegen  0.20/turn              n - +2 ring of evasion
MPRegen  0.24/turn              o - +2 ring of protection

@: flying evasively, slowed, very slow
A: small, magic attunement, unstealthy, unfitting armour, able to fly, AC/SH +6
a: Stop Flying, Renounce Religion


You were in the Dungeon.
You worshipped Vehumet.
Vehumet was exalted by your worship.
You were not hungry.

You visited 1 branch You collected 54 gold pieces.

Inventory:

Armour
 m - a +2 pair of gloves (worn)
 t - a +0 helmet (worn)
 u - a +0 pair of boots (worn)
Magical Staves
 p - an uncursed staff of energy
 q - an uncursed staff of fire (weapon)
Jewellery
 n - a +2 ring of evasion (left hand)
 o - a +2 ring of protection (right hand)
Wands
 l - a wand of iceblast (10)
Scrolls
 i - 3 scrolls of blinking
 j - 3 scrolls of remove curse
 k - 2 scrolls of amnesia
 r - a scroll of identify
 s - 3 scrolls of fog
Potions
 a - a potion of invisibility
 b - a potion of flight
 c - 3 potions of heal wounds
 d - 7 potions of curing
 f - 3 potions of haste
 g - 4 potions of magic
 h - a potion of berserk rage
Comestibles
 e - 11 rations {!d}


   Skills:
 + Level 14.4 Dodging
 - Level 1.5 Stealth
 * Level 17.8 Spellcasting
 * Level 17.7 Conjurations
 + Level 7.8 Ice Magic
 + Level 13.4 Air Magic


You had 34 spell levels left.
You knew the following spells:

 Your Spells              Type           Power        Failure   Level  Hunger
a - Shock                 Conj/Air       #####        0%          1    None
b - Lightning Bolt        Conj/Air       ######....   1%          5    None
c - Freeze                Ice            ######       1%          1    None
d - Airstrike             Air            ######....   1%          4    None

Your spell library contained the following spells:

 Spells                   Type           Power        Failure   Level  Hunger
 Fulminant Prism          Conj/Hex       ######....   1%          4    None
 Swiftness                Chrm/Air       #####...     1%          2    None
 Static Discharge         Air            ######..     1%          3    None


Dungeon Overview and Level Annotations

Branches:
Dungeon (1/1)

Altars:
Cheibriados
Dithmenos
Elyvilon
Fedhas
Gozag
Hepliaklqana
Kikubaaqudgha
Lugonu
Makhleb
Nemelex Xobeh
Okawaru
Qazlal
Ru
Sif Muna
Trog
Uskayaw
Vehumet
Wu Jian
Xom
Yredelemnul
Zin
The Shining One
Beogh
Jiyva

Annotations:
D Gastronok


Innate Abilities, Weirdness & Mutations

Your spells do not cause hunger and MP costs are reduced by 1.
Your bright wings attract enemies. (Stealth-)
You cannot fit into any form of body armour.
Your shimmering scales are hard and can block incoming attacks. (AC +6, SH +6)
You are small and have problems with some larger weapons.
You can fly continuously.


Message History

The rat completely misses you.
Casting: Freeze (safe; 1% risk of failure)
Confirm with . or Enter, or press ? or * to list all spells.
Aiming: Freeze (safe; 1% risk of failure)
Press: ? - help, Shift-Dir - straight line, f/p - Gastronok
Aim: Gastronok, wearing a +2 hat of magic resistance (almost dead, covering ground quickly)
You freeze Gastronok!
Gastronok is almost dead.
Gastronok completely misses you. You block the rat's attack.
Gastronok bites you. The rat completely misses you.
Casting: Freeze (safe; 1% risk of failure)
Confirm with . or Enter, or press ? or * to list all spells.
Aiming: Freeze (safe; 1% risk of failure)
Press: ? - help, Shift-Dir - straight line, f/p - Gastronok
Aim: Gastronok, wearing a +2 hat of magic resistance (almost dead, covering ground quickly)
You freeze Gastronok.
Gastronok is almost dead.
Gastronok bites you!!!
Ouch! That really hurt!
You die...

▓.▓[▓.▓)▓
▓.▓.▓.▓'▓
▓.▓.▓.▓)▓
▓.▓.▓.▓.▓
▓.▓.▓.▓.▓
▓.▓'▓.▓.▓
▓.▓.▓.▓)▓
▓r▓.▓.▓.▓
▓@▓.▓.▓†▓
▓w▓.▓.▓.▓
▓r▓.▓.▓.▓
▓.▓.▓.▓[▓
▓.▓.▓.▓[▓
▓.▓.▓.▓.▓
▓.▓.▓.▓)▓
▓.▓†▓.▓.▓
▓.▓.▓.▓


You could see Gastronok, a quokka and a rat.

Vanquished Creatures
  A dire elephant (D)
  2 hydras (D)
  A centaur warrior (D)
  A two-headed ogre (D)
  A cyclops (D)
  8 elephants (D)
  A rime drake (D)
  2 cane toads (D)
  A komodo dragon (D)
  A polar bear (D)
  A hippogriff (D)
  2 yaks (D)
  A steam dragon (D)
  3 crocodiles (D)
  3 water moccasins (D)
  2 porcupines (D)
  A wolf (D)
  An ogre (D)
  A centaur (D)
  A bullfrog (D)
  A killer bee (D)
  A howler monkey (D)
  A crimson imp (D)
  2 adders (D)
  A shadow imp (D)
  An ooze (D)
  An orc (D)
  2 hobgoblins (D)
  A quokka (D)
  A goblin (D)
  A rat (D)
48 creatures vanquished.

Notes
Turn   | Place    | Note
-------+----------+-------------------------------------------
     0 | D        | Freyura the Fairy Air Elementalist began the quest for the
                  | Orb.
     0 | D        | Reached XP level 1. HP: 11/11 MP: 6/6
     7 | D        | Reached XP level 2. HP: 17/17 MP: 6/8
    32 | D        | Noticed a howler monkey
    32 | D        | Noticed an ogre
    38 | D        | Reached XP level 3. HP: 21/21 MP: 9/11
    38 | D        | Reached skill level 5 in Spellcasting
    38 | D        | Reached skill level 5 in Conjurations
    38 | D        | Reached skill level 5 in Air Magic
    38 | D        | Reached XP level 4. HP: 27/27 MP: 9/13
    39 | D        | Killed an ogre
    39 | D        | Reached XP level 5. HP: 31/31 MP: 10/17
    88 | D        | Found a roughly hewn altar of Beogh.
    88 | D        | Found a snail-covered altar of Cheibriados.
    88 | D        | Found a shadowy altar of Dithmenos.
    88 | D        | Found a white marble altar of Elyvilon.
    88 | D        | Found a blossoming altar of Fedhas.
    88 | D        | Found an opulent altar of Gozag.
    89 | D        | Found a hazy altar of Hepliaklqana.
    90 | D        | Found a viscous altar of Jiyva.
    91 | D        | Found an ancient bone altar of Kikubaaqudgha.
    92 | D        | Found a corrupted altar of Lugonu.
    93 | D        | Found a burning altar of Makhleb.
    94 | D        | Found a sparkling altar of Nemelex Xobeh.
    95 | D        | Found an iron altar of Okawaru.
    96 | D        | Found a stormy altar of Qazlal.
    97 | D        | Found a sacrificial altar of Ru.
    98 | D        | Found a shimmering blue altar of Sif Muna.
    99 | D        | Found a bloodstained altar of Trog.
   100 | D        | Found a hide-covered altar of Uskayaw.
   101 | D        | Found a radiant altar of Vehumet.
   102 | D        | Found an ornate altar of the Wu Jian Council.
   103 | D        | Found a shimmering altar of Xom.
   104 | D        | Found a basalt altar of Yredelemnul.
   105 | D        | Found a glowing silver altar of Zin.
   106 | D        | Found a glowing golden altar of the Shining One.
   109 | D        | Became a worshipper of Vehumet
   124 | D        | Found the +7 great mace "Undeadhunter" {disrupt, rN+}
   153 | D        | Noticed a two-headed ogre
   153 | D        | Noticed a five-headed hydra
   153 | D        | Noticed a yak
   153 | D        | Noticed a yak
   163 | D        | Killed a yak
   163 | D        | Reached XP level 6. HP: 36/36 MP: 18/20
   163 | D        | Killed a yak
   163 | D        | Reached * piety under Vehumet
   163 | D        | Offered knowledge of Freeze by Vehumet.
   163 | D        | Reached skill level 10 in Spellcasting
   163 | D        | Reached skill level 10 in Conjurations
   163 | D        | Reached XP level 7. HP: 41/41 MP: 18/22
   164 | D        | Killed a two-headed ogre
   164 | D        | Reached XP level 8. HP: 29/46 MP: 19/26
   167 | D        | Killed a five-headed hydra
   167 | D        | Reached ** piety under Vehumet
   167 | D        | Reached skill level 10 in Dodging
   167 | D        | Reached skill level 10 in Air Magic
   167 | D        | Reached XP level 9. HP: 22/51 MP: 24/28
   335 | D        | Learned a level 5 spell: Lightning Bolt
   337 | D        | Learned a level 1 spell: Freeze
   342 | D        | Learned a level 4 spell: Airstrike
   342 | D        | Noticed a centaur warrior
   342 | D        | Noticed a cyclops
   344 | D        | Offered knowledge of Magic Dart by Vehumet.
   350 | D        | Killed a cyclops
   350 | D        | Reached *** piety under Vehumet
   354 | D        | Killed a centaur warrior
   354 | D        | Reached skill level 15 in Spellcasting
   550 | D        | Noticed a komodo dragon
   551 | D        | Noticed an elephant
   552 | D        | Offered knowledge of Conjure Flame by Vehumet.
   552 | D        | Reached skill level 15 in Conjurations
   552 | D        | Reached XP level 10. HP: 56/56 MP: 27/31
   553 | D        | Reached **** piety under Vehumet
   553 | D        | Reached skill level 1 in Ice Magic
   553 | D        | Noticed a cane toad
   555 | D        | Killed an elephant
   555 | D        | Killed a cane toad
   555 | D        | Reached ***** piety under Vehumet
   570 | D        | Noticed a seven-headed hydra
   572 | D        | Killed a seven-headed hydra
   572 | D        | Reached skill level 5 in Ice Magic
   574 | D        | Noticed a cane toad
   575 | D        | Killed a cane toad
   576 | D        | Reached ****** piety under Vehumet
   581 | D        | Reached XP level 11. HP: 26/61 MP: 27/33
   746 | D        | Noticed a dire elephant
   749 | D        | Offered knowledge of Fulminant Prism by Vehumet.
   753 | D        | Killed a dire elephant
   847 | D        | Noticed Gastronok
   862 | D        | HP: 2/61 [rat[Gastronok] (2)]
   867 | D        | Slain by Gastronok

Skill      XL: |  1  2  3  4  5  6  7  8  9 10 11 |
---------------+----------------------------------+-----
Spellcasting   | 3 4 5 7 9 10 12 13 15 16 17 | 17.8
Dodging        | 3 4 6 7 8 9 10 12 13 14 | 14.4
Conjurations   | 2 4 5 7 9 10 12 13 15 16 17 | 17.7
Air Magic      | 4 5 6 7 8 9 10 11 12 13 | 13.4
Ice Magic      | 5 7 |  7.8
Stealth        | |  1.5

Action                   |  1- 3 |  4- 6 |  7- 9 | 10-12 || total
-------------------------+-------+-------+-------+-------++-------
Melee: Staff             |       |       |       |     1 ||     1
 Cast: Shock             |     9 |    10 |    17 |    17 ||    53
       Lightning Bolt    |       |       |       |    16 ||    16
       Freeze            |       |       |       |    14 ||    14
       Airstrike         |       |       |       |     3 ||     3
  Use: Potion            |       |     1 |       |     3 ||     4
       Scroll            |       |       |     2 |       ||     2
Armor: Skin              |       |     2 |       |       ||     2
Dodge: Dodged            |     6 |    14 |    18 |    29 ||    67
Block: Other             |       |     2 |     8 |     9 ||    19
